Quebec Remparts vs Orlando Solar Bears
Created - Friday, September 12, 2025 at 07:24
Goals
|
| Quebec Remparts |
4 |
1 |
2 |
7 |
| Orlando Solar Bears |
0 |
0 |
5 |
5 |
|
Shots
|
| Quebec Remparts |
19 |
7 |
19 |
45 |
| Orlando Solar Bears |
8 |
2 |
13 |
23 |
|
1st period
1. Quebec Remparts , Kevin Rooney 10 (Adam Gaudette 22, Brandt Clarke 17) at 9:40 (PP)
2. Quebec Remparts , Bradly Nadeau 12 (Jorian Donovan 5) at 11:56
3. Quebec Remparts , Nick Cousins 10 (Adam Gaudette 23, Kevin Rooney 31) at 13:29 (PP)
4. Quebec Remparts , Kevin Rooney 11 (Adam Gaudette 24, Bradly Nadeau 15) at 17:32
Penalties :
Vincent Desharnais (OSB) for Holding (Minor) at 9:03, Nikita Grebenkin (OSB) for Fighting (Major) at 12:47, Fraser Minten (QUE) for Fighting (Major) at 12:47, Nikita Grebenkin (OSB) for instigated a fight (Minor) at 12:47, Nikita Grebenkin (OSB) for instigated a fight (10 Minutes Misconduct) at 12:47
2nd period
5. Quebec Remparts , Adam Gaudette 29 (Kevin Rooney 32) at 1:00
Penalties :
TJ Brodie (OSB) for Fighting (Major) at 1:05, Paul Cotter (QUE) for Fighting (Major) at 1:05, Paul Cotter (QUE) for instigated a fight (Minor) at 1:05, Paul Cotter (QUE) for instigated a fight (10 Minutes Misconduct) at 1:05, Ty Nelson (OSB) for Slashing (Minor) at 2:11, Nikita Grebenkin (OSB) for Tripping (Minor) at 13:34, Martin Pospisil (OSB) for Diving (Minor) at 18:13
3rd period
6. Orlando Solar Bears , Jesper Boqvist 12 (Rodrigo Abols 7) at 0:11 (SH)
7. Orlando Solar Bears , Spencer Stastney 2 (Adam Beckman 9) at 4:12
8. Orlando Solar Bears , Martin Pospisil 24 (Justin Danforth 32) at 4:59
9. Quebec Remparts , Kevin Rooney 12 (Adam Gaudette 25) at 5:31
10. Orlando Solar Bears , Adam Beckman 13 (Marat Khusnutdinov 22, TJ Brodie 11) at 6:20
11. Orlando Solar Bears , Alex Turcotte 18 (Vincent Desharnais 18, Justin Brazeau 16) at 6:58
12. Quebec Remparts , Fraser Minten 20 (Paul Cotter 20, Brandt Clarke 18) at 18:17
Penalties :
Jesper Boqvist (OSB) for Tripping (Minor) at 9:58, Ethan Del Mastro (QUE) for Interference (Minor) at 14:12
Goalie Stats
Devon Levi (QUE), 18 saves from 23 shots - (0.783), W, 25-2-1, 60:00 minutes
Domenic DiVincentiis (OSB), 38 saves from 45 shots - (0.844), L, 7-4-0, 60:00 minutes
Players Stats for Quebec Remparts
Player Name G A P +/- PIM S H SB GA TA FO MP PP MP PK MP
------------------------------------------------------------------------------------
0 0 0 0 0 0 0 0 0 0 0/0 0:00 0:00 0:00
Adam Gaudette 1 4 5 1 0 5 2 0 0 0 0/0 18:51 4:10 1:19
Artem Duda 0 0 0 0 0 1 0 0 0 0 0/0 20:39 4:33 1:16
Bradly Nadeau 1 1 2 1 0 5 0 0 0 0 1/1 8:32 0:00 0:00
Brandt Clarke 0 2 2 -1 0 2 2 2 0 5 0/0 25:04 3:49 1:32
Calvin de Haan 0 0 0 -1 0 1 0 1 0 0 0/0 25:04 3:49 1:32
Dalibor Dvorsky 0 0 0 0 0 3 1 1 0 0 0/0 14:33 0:25 0:50
Ethan Del Mastro 0 0 0 0 2 4 3 1 0 0 0/0 20:42 4:33 0:24
Fraser Minten 1 0 1 0 5 1 1 1 3 1 0/0 12:58 1:11 0:00
Jordan Dumais 0 0 0 1 0 1 0 0 0 0 0/0 8:32 0:00 0:00
Jorian Donovan 0 1 1 1 0 0 0 0 0 0 0/0 14:53 0:00 0:53
Kevin Rooney 3 2 5 1 0 4 1 0 0 2 9/16 17:08 4:10 0:00
Kirby Dach 0 0 0 -2 0 3 0 0 0 0 7/21 19:25 3:46 1:44
Marc Staal 0 0 0 1 0 0 0 0 0 0 0/0 14:16 0:00 0:33
Maros Jedlicka 0 0 0 1 0 1 0 1 0 0 0/1 8:32 0:00 0:00
Nick Cousins 1 0 1 1 0 3 2 0 2 0 0/2 17:08 4:10 0:00
Paul Cotter 0 1 1 -2 17 3 1 0 1 1 0/1 15:13 2:29 0:51
Sam Lafferty 0 0 0 0 0 7 1 0 2 0 5/13 15:18 0:58 0:07
Victor Olofsson 0 0 0 -2 0 1 2 1 0 0 2/3 19:11 3:47 1:19
Players Stats for Orlando Solar Bears
Player Name G A P +/- PIM S H SB GA TA FO MP PP MP PK MP
------------------------------------------------------------------------------------
0 0 0 0 0 0 0 0 0 0 0/0 0:00 0:00 0:00
Adam Beckman 1 1 2 0 0 1 0 1 0 0 0/0 12:13 0:00 0:00
Alex Turcotte 1 0 1 1 0 3 0 0 1 0 0/0 15:04 1:33 0:00
Amadeus Lombardi 0 0 0 -2 0 0 0 0 0 0 0/1 5:04 0:00 0:00
Conor Sheary 0 0 0 0 0 2 2 1 1 1 0/0 19:42 1:32 3:50
Henry Thrun 0 0 0 0 0 0 1 1 0 0 0/0 21:47 1:50 4:32
Isaak Phillips 0 0 0 -1 0 0 1 1 0 1 0/0 16:30 0:00 1:15
Jesper Boqvist 1 0 1 2 2 4 3 0 2 1 4/11 19:00 1:33 3:13
Justin Brazeau 0 1 1 1 0 0 3 0 0 2 0/0 15:04 1:33 0:00
Justin Danforth 0 1 1 -1 0 2 3 0 2 1 22/30 24:34 1:32 3:47
Justin Sourdif 0 0 0 -1 0 1 0 0 0 0 0/1 7:03 0:00 0:00
Marat Khusnutdinov 0 1 1 -1 0 2 0 0 0 0 3/5 14:00 0:00 0:34
Martin Pospisil 1 0 1 0 2 5 2 1 2 0 0/1 18:46 1:32 2:57
Nikita Grebenkin 0 0 0 1 19 0 3 0 0 0 1/1 9:52 0:00 0:00
Rodrigo Abols 0 1 1 -1 0 0 1 1 0 0 4/8 10:32 0:00 2:23
Spencer Stastney 1 0 1 0 0 1 0 1 0 0 0/0 20:50 1:50 4:20
TJ Brodie 0 1 1 1 5 0 1 4 0 1 0/0 21:50 0:40 3:29
Ty Nelson 0 0 0 -1 2 0 1 3 1 1 0/0 15:07 0:34 0:00
Vincent Desharnais 0 1 1 1 2 2 2 1 0 0 0/0 23:40 1:15 3:08
3 Stars
1 - Kevin Rooney (QUE)
2 - Adam Gaudette (QUE)
3 - Bradly Nadeau (QUE)
Power Play
Quebec Remparts - 2 on 6 Attempt(s) - 33.33%
Orlando Solar Bears - 0 on 2 Attempt(s) - 0.00%
Penalty Kill
Quebec Remparts - 2 on 2 Attempt(s) - 100.00%
- Score 0 goal in Penalty Kill
Orlando Solar Bears - 4 on 6 Attempt(s) - 66.67%
- Score 1 goal in Penalty Kill
Team Stat
Quebec Remparts - Hits : 16 - Faceoff Wins : 24 - Blocked Shots : 8 - Penalty Minutes : 24
Orlando Solar Bears - Hits : 23 - Faceoff Wins : 34 - Blocked Shots : 15 - Penalty Minutes : 32
Official
Referees : Graham Skilliter and Jordan Samuels
Linesman : Brandon Gawryletz and Kiel Murchison
Game Notes
Nikita Grebenkin beats up Fraser Minten at 12:47 of 1st period
TJ Brodie and Paul Cotter fight to a draw at 1:05 of 2nd period
Kevin Rooney has scored a Hat Trick!
Quebec Remparts
5 vs 5 Forward
Center Left Wing Right Wing Time % Phy DF OF
1 Kirby Dach Paul Cotter Victor Olofsson 30 1 2 2
2 Kevin Rooney Nick Cousins Adam Gaudette 30 1 2 2
3 Sam Lafferty Fraser Minten Dalibor Dvorsky 25 1 2 2
4 Bradly Nadeau Maros Jedlicka Jordan Dumais 15 1 2 2
5 vs 5 Defense
Defense Defense Time % Phy DF OF
1 Calvin de Haan Brandt Clarke 30 1 2 2
2 Ethan Del Mastro Artem Duda 30 1 2 2
3 Jorian Donovan Marc Staal 25 1 2 2
4 Calvin de Haan Brandt Clarke 15 1 2 2
PowerPlay Forward
Center Left Wing Right Wing Time % Phy DF OF
1 Kirby Dach Paul Cotter Victor Olofsson 50 1 2 2
2 Kevin Rooney Nick Cousins Adam Gaudette 50 1 2 2
PowerPlay Defense
Defense Defense Time % Phy DF OF
1 Calvin de Haan Brandt Clarke 50 1 2 2
2 Ethan Del Mastro Artem Duda 50 1 2 2
Penalty Kill 4 Players Forward
Center Wing Time % Phy DF OF
1 Kirby Dach Paul Cotter 50 1 2 2
2 Victor Olofsson Adam Gaudette 50 1 2 2
Penalty Kill 4 Players Defense
Defense Defense Time % Phy DF OF
1 Calvin de Haan Brandt Clarke 50 1 2 2
2 Ethan Del Mastro Artem Duda 50 1 2 2
Penalty Kill - 3 Players Forward
Forward Time % Phy DF OF
1 Kirby Dach 50 1 2 2
2 Paul Cotter 50 1 2 2
Penalty Kill - 3 Players Defense
Defense Defense Time % Phy DF OF
1 Calvin de Haan Brandt Clarke 50 1 2 2
2 Ethan Del Mastro Artem Duda 50 1 2 2
4 vs 4 Forward
Center Wing Time % Phy DF OF
1 Kirby Dach Paul Cotter 50 1 2 2
2 Victor Olofsson Adam Gaudette 50 1 2 2
4 vs 4 Defense
Defense Defense Time % Phy DF OF
1 Calvin de Haan Brandt Clarke 50 1 2 2
2 Ethan Del Mastro Artem Duda 50 1 2 2
Last Minutes Offensive
Center Left Wing Right Wing Defense Defense
Kirby Dach Paul Cotter Victor Olofsson Calvin de Haan Brandt Clarke
Last Minutes Defensive
Center Left Wing Right Wing Defense Defense
Kirby Dach Paul Cotter Victor Olofsson Calvin de Haan Brandt Clarke
Goaltenders
Starting : Devon Levi
Backup : Jacob Fowler
Extra Forwards
Normal : Sam Lafferty, Fraser Minten, Dalibor Dvorsky - PP : Sam Lafferty, Fraser Minten - PK : Dalibor Dvorsky
Extra Defensemen
Normal : Jorian Donovan, Marc Staal, Ethan Del Mastro - PP : Jorian Donovan - PK : Marc Staal, Ethan Del Mastro
Penalty Shots
Kirby Dach, Paul Cotter, Victor Olofsson, Adam Gaudette, Kevin Rooney
Scratches
Artur Akhtyamov (Healthy)
Orlando Solar Bears
5 vs 5 Forward
Center Left Wing Right Wing Time % Phy DF OF
1 Justin Danforth Conor Sheary Martin Pospisil 30 1 2 2
2 Jesper Boqvist Alex Turcotte Justin Brazeau 30 1 2 2
3 Marat Khusnutdinov Adam Beckman Nikita Grebenkin 25 1 2 2
4 Rodrigo Abols Justin Danforth Justin Sourdif 15 1 2 2
5 vs 5 Defense
Defense Defense Time % Phy DF OF
1 Vincent Desharnais TJ Brodie 30 1 2 2
2 Henry Thrun Spencer Stastney 30 1 2 2
3 Ty Nelson Isaak Phillips 25 1 2 2
4 Vincent Desharnais TJ Brodie 15 1 2 2
PowerPlay Forward
Center Left Wing Right Wing Time % Phy DF OF
1 Justin Danforth Conor Sheary Martin Pospisil 50 1 2 2
2 Jesper Boqvist Alex Turcotte Justin Brazeau 50 1 2 2
PowerPlay Defense
Defense Defense Time % Phy DF OF
1 Vincent Desharnais TJ Brodie 50 1 2 2
2 Henry Thrun Spencer Stastney 50 1 2 2
Penalty Kill 4 Players Forward
Center Wing Time % Phy DF OF
1 Justin Danforth Conor Sheary 50 1 2 2
2 Martin Pospisil Jesper Boqvist 50 1 2 2
Penalty Kill 4 Players Defense
Defense Defense Time % Phy DF OF
1 Vincent Desharnais TJ Brodie 50 1 2 2
2 Henry Thrun Spencer Stastney 50 1 2 2
Penalty Kill - 3 Players Forward
Forward Time % Phy DF OF
1 Justin Danforth 50 1 2 2
2 Conor Sheary 50 1 2 2
Penalty Kill - 3 Players Defense
Defense Defense Time % Phy DF OF
1 Vincent Desharnais TJ Brodie 50 1 2 2
2 Henry Thrun Spencer Stastney 50 1 2 2
4 vs 4 Forward
Center Wing Time % Phy DF OF
1 Justin Danforth Conor Sheary 50 1 2 2
2 Martin Pospisil Jesper Boqvist 50 1 2 2
4 vs 4 Defense
Defense Defense Time % Phy DF OF
1 Vincent Desharnais TJ Brodie 50 1 2 2
2 Henry Thrun Spencer Stastney 50 1 2 2
Last Minutes Offensive
Center Left Wing Right Wing Defense Defense
Justin Danforth Conor Sheary Martin Pospisil Vincent Desharnais TJ Brodie
Last Minutes Defensive
Center Left Wing Right Wing Defense Defense
Justin Danforth Conor Sheary Martin Pospisil Vincent Desharnais TJ Brodie
Goaltenders
Starting : Domenic DiVincentiis
Backup : Unknown Goalie
Extra Forwards
Normal : Amadeus Lombardi, Marat Khusnutdinov, Rodrigo Abols - PP : Amadeus Lombardi, Marat Khusnutdinov - PK : Rodrigo Abols
Extra Defensemen
Normal : Ty Nelson, Isaak Phillips, Henry Thrun - PP : Ty Nelson - PK : Isaak Phillips, Henry Thrun
Penalty Shots
Justin Danforth, Conor Sheary, Martin Pospisil, Jesper Boqvist, Justin Brazeau
Scratches
Elliot Desnoyers (Healthy), Lukas Cormier (Healthy), Viktor Neuchev (Healthy), Alexis Gendron (Healthy), Carter Mazur (Healthy)
Topi Niemela (Healthy), Daniel Vladar (Healthy), Vadim Zherenko (Healthy), Erik Portillo (Healthy)
% Time on Ice - Quebec Remparts
Lines # - Real PCT - Wanted PCT - Time Play
Normal Forward
1 - 29% - 30% - 13:47
2 - 29% - 30% - 13:37
3 - 25% - 25% - 11:44
4 - 18% - 15% - 8:32
Normal Defense
1 - 28% - 30% - 13:35
2 - 33% - 30% - 15:39
3 - 27% - 25% - 13:04
4 - 11% - 15% - 5:22
PP Forward
1 - 50% - 50% - 4:12
2 - 50% - 50% - 4:10
PP Defense
1 - 46% - 50% - 3:49
2 - 54% - 50% - 4:33
PK Forward
1 - 56% - 50% - 1:44
2 - 44% - 50% - 1:21
PK Defense
1 - 50% - 50% - 1:32
2 - 50% - 50% - 1:33
PK3 Forward
1 - 0% - 50%
2 - 0% - 50%
PK3 Defense
1 - 0% - 50%
2 - 0% - 50%
44 Forward
1 - 55% - 50% - 0:29
2 - 45% - 50% - 0:24
44 Defense
1 - 87% - 50% - 0:46
2 - 13% - 50% - 0:07
Last Minute Offensive - 0:00
Last Minute Defensive - 0:00
Total
Forward - 60:00
Defense - 60:00
|
% Time on Ice - Orlando Solar Bears
Lines # - Real PCT - Wanted PCT - Time Play
Normal Forward
1 - 29% - 30% - 14:01
2 - 30% - 30% - 14:23
3 - 26% - 25% - 12:13
4 - 15% - 15% - 7:03
Normal Defense
1 - 29% - 30% - 14:03
2 - 32% - 30% - 15:18
3 - 28% - 25% - 13:11
4 - 11% - 15% - 5:08
PP Forward
1 - 50% - 50% - 1:32
2 - 50% - 50% - 1:33
PP Defense
1 - 41% - 50% - 1:15
2 - 59% - 50% - 1:50
PK Forward
1 - 48% - 50% - 4:01
2 - 52% - 50% - 4:21
PK Defense
1 - 48% - 50% - 4:02
2 - 52% - 50% - 4:20
PK3 Forward
1 - 0% - 50%
2 - 0% - 50%
PK3 Defense
1 - 0% - 50%
2 - 0% - 50%
44 Forward
1 - 58% - 50% - 0:31
2 - 42% - 50% - 0:22
44 Defense
1 - 100% - 50% - 0:53
2 - 0% - 50% - 0:00
Last Minute Offensive - 0:00
Last Minute Defensive - 0:00
Total
Forward - 60:00
Defense - 60:00
|
Play-by-Play
1st period
0:01 of 1st period - Justin Danforth wins face-off versus Kirby Dach in neutral zone.
0:49 of 1st period - Ethan Del Mastro is hit by Nikita Grebenkin and loses puck.
1:15 of 1st period - Slapshot by Ethan Del Mastro.
1:15 of 1st period - Stopped by Domenic DiVincentiis with a rebound.
1:17 of 1st period - Wrist shot by Maros Jedlicka.
1:17 of 1st period - Stopped by Domenic DiVincentiis with a rebound.
1:28 of 1st period - Icing by Justin Danforth.
1:29 of 1st period - Kirby Dach wins face-off versus Justin Sourdif in Orlando Solar Bears zone.
1:38 of 1st period - Snap shot by Nick Cousins.
1:38 of 1st period - Shot Misses the Net.
1:40 of 1st period - Slapshot by Jorian Donovan.
1:40 of 1st period - Shot Misses the Net.
1:42 of 1st period - Snap shot by Adam Gaudette.
1:42 of 1st period - Stopped by Domenic DiVincentiis without a rebound.
1:43 of 1st period - Jesper Boqvist wins face-off versus Kirby Dach in Orlando Solar Bears zone.
3:16 of 1st period - Jorian Donovan is hit by Vincent Desharnais and loses puck.
3:35 of 1st period - Backhand shot by Justin Sourdif.
3:35 of 1st period - Stopped by Devon Levi without a rebound.
3:36 of 1st period - Justin Danforth wins face-off versus Sam Lafferty in Quebec Remparts zone.
4:00 of 1st period - Jesper Boqvist is hit by Nick Cousins and loses puck.
4:24 of 1st period - Wrist shot by Adam Beckman.
4:24 of 1st period - Shot Misses the Net.
4:26 of 1st period - Snap shot by Nikita Grebenkin.
4:26 of 1st period - Shot Blocked by Ethan Del Mastro.
4:59 of 1st period - Wrist shot by Justin Danforth.
4:59 of 1st period - Shot Misses the Net.
5:09 of 1st period - Wrist shot by Justin Brazeau.
5:09 of 1st period - Deflect By Jesper Boqvist.
5:09 of 1st period - Shot Misses the Net.
5:09 of 1st period - Puck is out of play.
5:10 of 1st period - Sam Lafferty wins face-off versus Jesper Boqvist in Quebec Remparts zone.
6:04 of 1st period - Paul Cotter is hit by Martin Pospisil and loses puck.
7:28 of 1st period - Snap shot by Bradly Nadeau.
7:28 of 1st period - Stopped by Domenic DiVincentiis without a rebound.
7:29 of 1st period - Justin Danforth wins face-off versus Kevin Rooney in Orlando Solar Bears zone.
8:46 of 1st period - Wrist shot by Bradly Nadeau.
8:46 of 1st period - Stopped by Domenic DiVincentiis without a rebound.
8:47 of 1st period - Marat Khusnutdinov wins face-off versus Kevin Rooney in Orlando Solar Bears zone.
9:03 of 1st period - Minor Penalty to Vincent Desharnais for Holding.
9:04 of 1st period - Kirby Dach wins face-off versus Justin Danforth in Orlando Solar Bears zone.
9:08 of 1st period - Slapshot by Kirby Dach.
9:08 of 1st period - Stopped by Domenic DiVincentiis without a rebound.
9:09 of 1st period - Justin Danforth wins face-off versus Kirby Dach in Orlando Solar Bears zone.
9:38 of 1st period - Snap shot by Adam Gaudette.
9:38 of 1st period - Shot Misses the Net.
9:40 of 1st period - Wrist shot by Kevin Rooney.
9:40 of 1st period - Goal by Kevin Rooney - Quebec Remparts : 1 - Orlando Solar Bears : 0.
9:41 of 1st period - Justin Danforth wins face-off versus Kevin Rooney in neutral zone.
9:45 of 1st period - Off-side.
9:46 of 1st period - Justin Danforth wins face-off versus Nick Cousins in neutral zone.
10:13 of 1st period - Wrist shot by Kirby Dach.
10:13 of 1st period - Shot Blocked by TJ Brodie.
10:19 of 1st period - Wrist shot by Victor Olofsson.
10:19 of 1st period - Deflect By Paul Cotter.
10:19 of 1st period - Stopped by Domenic DiVincentiis without a rebound.
10:20 of 1st period - Justin Danforth wins face-off versus Sam Lafferty in Orlando Solar Bears zone.
10:45 of 1st period - Paul Cotter is hit by Justin Brazeau and loses puck.
10:50 of 1st period - Snap shot by Jesper Boqvist.
10:50 of 1st period - Shot Blocked by Victor Olofsson.
11:01 of 1st period - Icing by Jesper Boqvist.
11:02 of 1st period - Marat Khusnutdinov wins face-off versus Kevin Rooney in Orlando Solar Bears zone.
11:02 of 1st period - Marat Khusnutdinov is hit by Adam Gaudette.
11:54 of 1st period - Backhand shot by Bradly Nadeau.
11:54 of 1st period - Stopped by Domenic DiVincentiis with a rebound.
11:56 of 1st period - Wrist shot by Bradly Nadeau.
11:56 of 1st period - Goal by Bradly Nadeau - Quebec Remparts : 2 - Orlando Solar Bears : 0.
11:57 of 1st period - Kevin Rooney wins face-off versus Jesper Boqvist in neutral zone.
12:02 of 1st period - Wrist shot by Adam Gaudette.
12:02 of 1st period - Deflect By Nick Cousins.
12:02 of 1st period - Shot Misses the Net.
12:02 of 1st period - Puck is out of play.
12:03 of 1st period - Kevin Rooney wins face-off versus Jesper Boqvist in Orlando Solar Bears zone.
12:12 of 1st period - Snap shot by Alex Turcotte.
12:12 of 1st period - Shot Misses the Net.
12:14 of 1st period - Snap shot by Jesper Boqvist.
12:14 of 1st period - Shot Misses the Net.
12:16 of 1st period - Snap shot by Vincent Desharnais.
12:16 of 1st period - Shot Misses the Net.
12:18 of 1st period - Snap shot by Vincent Desharnais.
12:18 of 1st period - Stopped by Devon Levi with a rebound.
12:36 of 1st period - Wrist shot by Paul Cotter.
12:36 of 1st period - Deflect By Vincent Desharnais.
12:36 of 1st period - Stopped by Domenic DiVincentiis without a rebound.
12:37 of 1st period - Nikita Grebenkin wins face-off versus Sam Lafferty in Orlando Solar Bears zone.
12:47 of 1st period - Nikita Grebenkin beats up Fraser Minten.
12:47 of 1st period - Penalty to Nikita Grebenkin for Fighting.
12:47 of 1st period - Penalty to Fraser Minten for Fighting.
12:47 of 1st period - Penalty to Nikita Grebenkin for instigated a fight.
12:47 of 1st period - Penalty to Nikita Grebenkin for instigated a fight.
12:48 of 1st period - Jesper Boqvist wins face-off versus Kevin Rooney in Orlando Solar Bears zone.
13:12 of 1st period - Conor Sheary is hit by Kevin Rooney and loses puck.
13:23 of 1st period - Slapshot by Kevin Rooney.
13:23 of 1st period - Shot Blocked by Conor Sheary.
13:29 of 1st period - Snap shot by Nick Cousins.
13:29 of 1st period - Goal by Nick Cousins - Quebec Remparts : 3 - Orlando Solar Bears : 0.
13:30 of 1st period - Justin Danforth wins face-off versus Paul Cotter in neutral zone.
13:35 of 1st period - Snap shot by Conor Sheary.
13:35 of 1st period - Stopped by Devon Levi without a rebound.
13:36 of 1st period - Justin Danforth wins face-off versus Kirby Dach in Quebec Remparts zone.
13:43 of 1st period - Snap shot by Conor Sheary.
13:43 of 1st period - Stopped by Devon Levi with a rebound.
14:11 of 1st period - Wrist shot by Jesper Boqvist.
14:11 of 1st period - Stopped by Devon Levi with a rebound.
14:13 of 1st period - Snap shot by Jesper Boqvist.
14:13 of 1st period - Stopped by Devon Levi with a rebound.
14:23 of 1st period - Wrist shot by Adam Gaudette.
14:23 of 1st period - Stopped by Domenic DiVincentiis with a rebound.
14:25 of 1st period - Snap shot by Nick Cousins.
14:25 of 1st period - Shot Misses the Net.
14:29 of 1st period - Wrist shot by Nick Cousins.
14:29 of 1st period - Stopped by Domenic DiVincentiis with a rebound.
14:31 of 1st period - Snap shot by Kevin Rooney.
14:31 of 1st period - Deflect By Adam Gaudette.
14:31 of 1st period - Stopped by Domenic DiVincentiis with a rebound.
14:33 of 1st period - Slapshot by Brandt Clarke.
14:33 of 1st period - Shot Misses the Net.
15:13 of 1st period - Off-side.
15:14 of 1st period - Kevin Rooney wins face-off versus Justin Danforth in neutral zone.
15:19 of 1st period - Snap shot by Adam Gaudette.
15:19 of 1st period - Shot Blocked by TJ Brodie.
15:21 of 1st period - Slapshot by Ethan Del Mastro.
15:21 of 1st period - Stopped by Domenic DiVincentiis with a rebound.
15:54 of 1st period - Snap shot by Adam Beckman.
15:54 of 1st period - Deflect By Marat Khusnutdinov.
15:54 of 1st period - Stopped by Devon Levi with a rebound.
16:33 of 1st period - Justin Brazeau is hit by Paul Cotter and loses puck.
17:32 of 1st period - Wrist shot by Adam Gaudette.
17:32 of 1st period - Deflect By Kevin Rooney.
17:32 of 1st period - Deflect By TJ Brodie.
17:32 of 1st period - Goal by Kevin Rooney - Quebec Remparts : 4 - Orlando Solar Bears : 0.
17:33 of 1st period - Jesper Boqvist wins face-off versus Kirby Dach in neutral zone.
17:40 of 1st period - Victor Olofsson is hit by Justin Brazeau and loses puck.
17:52 of 1st period - Icing by Paul Cotter.
17:53 of 1st period - Kirby Dach wins face-off versus Justin Danforth in Quebec Remparts zone.
18:04 of 1st period - Wrist shot by Victor Olofsson.
18:04 of 1st period - Shot Blocked by Henry Thrun.
18:06 of 1st period - Wrist shot by Kirby Dach.
18:06 of 1st period - Shot Misses the Net.
18:22 of 1st period - Spencer Stastney is hit by Nick Cousins and loses puck.
18:27 of 1st period - Wrist shot by Adam Gaudette.
18:27 of 1st period - Shot Blocked by Spencer Stastney.
18:29 of 1st period - Slapshot by Kevin Rooney.
18:29 of 1st period - Stopped by Domenic DiVincentiis without a rebound.
18:30 of 1st period - Sam Lafferty wins face-off versus Jesper Boqvist in Orlando Solar Bears zone.
18:35 of 1st period - Snap shot by Fraser Minten.
18:35 of 1st period - Shot Misses the Net.
18:43 of 1st period - Snap shot by Alex Turcotte.
18:43 of 1st period - Stopped by Devon Levi with a rebound.
19:24 of 1st period - Snap shot by Bradly Nadeau.
19:24 of 1st period - Deflect By Maros Jedlicka.
19:24 of 1st period - Shot Misses the Net.
19:24 of 1st period - Puck is out of play.
19:25 of 1st period - Justin Danforth wins face-off versus Kirby Dach in Orlando Solar Bears zone.
19:30 of 1st period - Wrist shot by Martin Pospisil.
19:30 of 1st period - Shot Misses the Net.
19:38 of 1st period - Slapshot by Kirby Dach.
19:38 of 1st period - Stopped by Domenic DiVincentiis without a rebound.
19:39 of 1st period - Kevin Rooney wins face-off versus Rodrigo Abols in Orlando Solar Bears zone.
19:40 of 1st period - Snap shot by Adam Gaudette.
19:40 of 1st period - Shot Blocked by TJ Brodie.
Goals for this period are 4 for Quebec Remparts vs 0 for Orlando Solar Bears.
Shots for this period are 19 for Quebec Remparts vs 8 for Orlando Solar Bears.
2nd period
0:01 of 2nd period - Justin Danforth wins face-off versus Kirby Dach in neutral zone.
0:33 of 2nd period - Slapshot by Dalibor Dvorsky.
0:33 of 2nd period - Stopped by Domenic DiVincentiis with a rebound.
0:35 of 2nd period - Wrist shot by Fraser Minten.
0:35 of 2nd period - Shot Misses the Net.
1:00 of 2nd period - Snap shot by Adam Gaudette.
1:00 of 2nd period - Goal by Adam Gaudette - Quebec Remparts : 5 - Orlando Solar Bears : 0.
1:01 of 2nd period - Justin Danforth wins face-off versus Kirby Dach in neutral zone.
1:05 of 2nd period - TJ Brodie and Paul Cotter fight to a draw.
1:05 of 2nd period - Penalty to TJ Brodie for Fighting.
1:05 of 2nd period - Penalty to Paul Cotter for Fighting.
1:05 of 2nd period - Penalty to Paul Cotter for instigated a fight.
1:05 of 2nd period - Penalty to Paul Cotter for instigated a fight.
1:06 of 2nd period - Kirby Dach wins face-off versus Justin Danforth in neutral zone.
1:21 of 2nd period - Slapshot by Martin Pospisil.
1:21 of 2nd period - Stopped by Devon Levi with a rebound.
1:31 of 2nd period - Calvin de Haan is hit by Jesper Boqvist and loses puck.
2:11 of 2nd period - Minor Penalty to Ty Nelson for Slashing.
2:12 of 2nd period - Victor Olofsson wins face-off versus Justin Danforth in Orlando Solar Bears zone.
2:15 of 2nd period - Snap shot by Adam Gaudette.
2:15 of 2nd period - Deflect By Victor Olofsson.
2:15 of 2nd period - Stopped by Domenic DiVincentiis without a rebound.
2:16 of 2nd period - Justin Danforth wins face-off versus Victor Olofsson in Orlando Solar Bears zone.
2:21 of 2nd period - Snap shot by Justin Danforth.
2:21 of 2nd period - Shot Misses the Net.
2:48 of 2nd period - Snap shot by Martin Pospisil.
2:48 of 2nd period - Shot Misses the Net.
3:04 of 2nd period - Artem Duda is hit by Isaak Phillips and loses puck.
3:05 of 2nd period - Penalty to Paul Cotter is over, Dalibor Dvorsky is send on ice.
4:09 of 2nd period - Jesper Boqvist is hit by Victor Olofsson and loses puck.
4:11 of 2nd period - Penalty to Ty Nelson is over, Ty Nelson is back on ice.
5:44 of 2nd period - Conor Sheary is hit by Fraser Minten and loses puck.
6:44 of 2nd period - Maros Jedlicka is hit by Vincent Desharnais and loses puck.
7:22 of 2nd period - Ethan Del Mastro is hit by Conor Sheary and loses puck.
7:35 of 2nd period - Jorian Donovan is hit by Justin Brazeau and loses puck.
7:47 of 2nd period - 10 Minutes Misconduct Penalty to Nikita Grebenkin is over.
8:09 of 2nd period - Bradly Nadeau is hit by Nikita Grebenkin and loses puck.
8:34 of 2nd period - Justin Brazeau is hit by Dalibor Dvorsky and loses puck.
8:45 of 2nd period - Isaak Phillips is hit by Ethan Del Mastro and loses puck.
9:00 of 2nd period - Ethan Del Mastro is hit by Justin Danforth and loses puck.
9:11 of 2nd period - Jordan Dumais is hit by Nikita Grebenkin and loses puck.
9:24 of 2nd period - Rodrigo Abols is hit by Sam Lafferty and loses puck.
11:14 of 2nd period - Marat Khusnutdinov is hit by Ethan Del Mastro.
11:24 of 2nd period - Maros Jedlicka is hit by Jesper Boqvist and loses puck.
12:20 of 2nd period - Adam Gaudette is hit by Conor Sheary and loses puck.
12:38 of 2nd period - Bradly Nadeau is hit by Justin Danforth and loses puck.
13:01 of 2nd period - Brandt Clarke is hit by Martin Pospisil and loses puck.
13:34 of 2nd period - Minor Penalty to Nikita Grebenkin for Tripping.
13:35 of 2nd period - Kevin Rooney wins face-off versus Justin Danforth in Orlando Solar Bears zone.
13:48 of 2nd period - Backhand shot by Adam Gaudette.
13:48 of 2nd period - Shot Misses the Net.
14:19 of 2nd period - Henry Thrun is hit by Brandt Clarke.
15:34 of 2nd period - Penalty to Nikita Grebenkin is over, Nikita Grebenkin is back on ice.
15:49 of 2nd period - Snap shot by Conor Sheary.
15:49 of 2nd period - Shot Blocked by Maros Jedlicka.
16:05 of 2nd period - 10 Minutes Misconduct Penalty to Paul Cotter is over.
17:01 of 2nd period - Jesper Boqvist is hit by Brandt Clarke and loses puck.
17:25 of 2nd period - Icing by Jorian Donovan.
17:26 of 2nd period - Rodrigo Abols wins face-off versus Kirby Dach in Quebec Remparts zone.
17:29 of 2nd period - Snap shot by Justin Danforth.
17:29 of 2nd period - Shot Misses the Net.
17:35 of 2nd period - Ty Nelson is hit by Victor Olofsson and loses puck.
17:57 of 2nd period - Nikita Grebenkin is hit by Adam Gaudette and loses puck.
18:13 of 2nd period - Minor Penalty to Martin Pospisil for Diving.
18:14 of 2nd period - Kirby Dach wins face-off versus Rodrigo Abols in Orlando Solar Bears zone.
18:15 of 2nd period - Wrist shot by Paul Cotter.
18:15 of 2nd period - Shot Misses the Net.
18:17 of 2nd period - Slapshot by Calvin de Haan.
18:17 of 2nd period - Stopped by Domenic DiVincentiis with a rebound.
18:19 of 2nd period - Slapshot by Brandt Clarke.
18:19 of 2nd period - Shot Blocked by Vincent Desharnais.
18:21 of 2nd period - Slapshot by Brandt Clarke.
18:21 of 2nd period - Stopped by Domenic DiVincentiis with a rebound.
18:43 of 2nd period - Slapshot by Vincent Desharnais.
18:43 of 2nd period - Stopped by Devon Levi without a rebound.
18:44 of 2nd period - Kevin Rooney wins face-off versus Rodrigo Abols in Quebec Remparts zone.
18:53 of 2nd period - Wrist shot by Kevin Rooney.
18:53 of 2nd period - Shot Misses the Net.
18:55 of 2nd period - Wrist shot by Adam Gaudette.
18:55 of 2nd period - Stopped by Domenic DiVincentiis with a rebound.
18:57 of 2nd period - Slapshot by Nick Cousins.
18:57 of 2nd period - Shot Blocked by Rodrigo Abols.
18:59 of 2nd period - Slapshot by Artem Duda.
18:59 of 2nd period - Stopped by Domenic DiVincentiis with a rebound.
19:20 of 2nd period - Off-side.
19:21 of 2nd period - Rodrigo Abols wins face-off versus Nick Cousins in neutral zone.
19:52 of 2nd period - Icing by Kirby Dach.
19:53 of 2nd period - Rodrigo Abols wins face-off versus Kirby Dach in Quebec Remparts zone.
Goals for this period are 1 for Quebec Remparts vs 0 for Orlando Solar Bears.
Shots for this period are 7 for Quebec Remparts vs 2 for Orlando Solar Bears.
3rd period
0:01 of 3rd period - Rodrigo Abols wins face-off versus Kevin Rooney in neutral zone.
0:04 of 3rd period - Brandt Clarke is hit by TJ Brodie and loses puck.
0:11 of 3rd period - Snap shot by Rodrigo Abols.
0:11 of 3rd period - Deflect By Jesper Boqvist.
0:11 of 3rd period - Goal by Jesper Boqvist - Quebec Remparts : 5 - Orlando Solar Bears : 1.
0:12 of 3rd period - Justin Danforth wins face-off versus Kirby Dach in neutral zone.
0:13 of 3rd period - Penalty to Martin Pospisil is over, Martin Pospisil is back on ice.
0:16 of 3rd period - Off-side.
0:17 of 3rd period - Justin Danforth wins face-off versus Kirby Dach in neutral zone.
0:30 of 3rd period - Wrist shot by Justin Danforth.
0:30 of 3rd period - Stopped by Devon Levi with a rebound.
1:11 of 3rd period - Wrist shot by Adam Beckman.
1:11 of 3rd period - Shot Misses the Net.
2:26 of 3rd period - Adam Gaudette is hit by Justin Danforth.
2:54 of 3rd period - Snap shot by Kirby Dach.
2:54 of 3rd period - Stopped by Domenic DiVincentiis with a rebound.
3:31 of 3rd period - Isaak Phillips is hit by Ethan Del Mastro and loses puck.
4:12 of 3rd period - Slapshot by Spencer Stastney.
4:12 of 3rd period - Goal by Spencer Stastney - Quebec Remparts : 5 - Orlando Solar Bears : 2.
4:13 of 3rd period - Justin Danforth wins face-off versus Kirby Dach in neutral zone.
4:28 of 3rd period - Snap shot by Martin Pospisil.
4:28 of 3rd period - Stopped by Devon Levi with a rebound.
4:46 of 3rd period - Wrist shot by Nick Cousins.
4:46 of 3rd period - Stopped by Domenic DiVincentiis without a rebound.
4:47 of 3rd period - Justin Danforth wins face-off versus Sam Lafferty in Orlando Solar Bears zone.
4:57 of 3rd period - Icing by Calvin de Haan.
4:58 of 3rd period - Justin Danforth wins face-off versus Sam Lafferty in Quebec Remparts zone.
4:59 of 3rd period - Snap shot by Martin Pospisil.
4:59 of 3rd period - Goal by Martin Pospisil - Quebec Remparts : 5 - Orlando Solar Bears : 3.
5:00 of 3rd period - Justin Danforth wins face-off versus Kirby Dach in neutral zone.
5:16 of 3rd period - Wrist shot by Paul Cotter.
5:16 of 3rd period - Stopped by Domenic DiVincentiis without a rebound.
5:17 of 3rd period - Kevin Rooney wins face-off versus Jesper Boqvist in Orlando Solar Bears zone.
5:31 of 3rd period - Snap shot by Kevin Rooney.
5:31 of 3rd period - Goal by Kevin Rooney - Quebec Remparts : 6 - Orlando Solar Bears : 3.
5:32 of 3rd period - Sam Lafferty wins face-off versus Justin Danforth in neutral zone.
5:39 of 3rd period - Snap shot by Dalibor Dvorsky.
5:39 of 3rd period - Stopped by Domenic DiVincentiis with a rebound.
5:41 of 3rd period - Slapshot by Brandt Clarke.
5:41 of 3rd period - Stopped by Domenic DiVincentiis with a rebound.
5:43 of 3rd period - Snap shot by Brandt Clarke.
5:43 of 3rd period - Shot Blocked by TJ Brodie.
5:45 of 3rd period - Wrist shot by Fraser Minten.
5:45 of 3rd period - Shot Misses the Net.
5:47 of 3rd period - Wrist shot by Fraser Minten.
5:47 of 3rd period - Shot Misses the Net.
6:20 of 3rd period - Snap shot by Adam Beckman.
6:20 of 3rd period - Goal by Adam Beckman - Quebec Remparts : 6 - Orlando Solar Bears : 4.
6:21 of 3rd period - Justin Danforth wins face-off versus Kevin Rooney in neutral zone.
6:26 of 3rd period - Backhand shot by Justin Danforth.
6:26 of 3rd period - Stopped by Devon Levi with a rebound.
6:56 of 3rd period - Snap shot by Justin Brazeau.
6:56 of 3rd period - Shot Blocked by Brandt Clarke.
6:58 of 3rd period - Snap shot by Vincent Desharnais.
6:58 of 3rd period - Deflect By Alex Turcotte.
6:58 of 3rd period - Goal by Alex Turcotte - Quebec Remparts : 6 - Orlando Solar Bears : 5.
6:59 of 3rd period - Justin Danforth wins face-off versus Sam Lafferty in neutral zone.
7:06 of 3rd period - Wrist shot by Sam Lafferty.
7:06 of 3rd period - Stopped by Domenic DiVincentiis without a rebound.
7:07 of 3rd period - Justin Danforth wins face-off versus Sam Lafferty in Orlando Solar Bears zone.
7:15 of 3rd period - Slapshot by Sam Lafferty.
7:15 of 3rd period - Stopped by Domenic DiVincentiis with a rebound.
7:17 of 3rd period - Slapshot by Artem Duda.
7:17 of 3rd period - Shot Misses the Net.
7:19 of 3rd period - Snap shot by Sam Lafferty.
7:19 of 3rd period - Stopped by Domenic DiVincentiis with a rebound.
7:27 of 3rd period - Wrist shot by Martin Pospisil.
7:27 of 3rd period - Shot Blocked by Dalibor Dvorsky.
7:51 of 3rd period - Slapshot by Fraser Minten.
7:51 of 3rd period - Shot Misses the Net.
7:53 of 3rd period - Slapshot by Artem Duda.
7:53 of 3rd period - Shot Hit the Post.
7:55 of 3rd period - Snap shot by Sam Lafferty.
7:55 of 3rd period - Shot Misses the Net.
7:57 of 3rd period - Slapshot by Artem Duda.
7:57 of 3rd period - Shot Blocked by Ty Nelson.
7:59 of 3rd period - Wrist shot by Sam Lafferty.
7:59 of 3rd period - Stopped by Domenic DiVincentiis with a rebound.
8:11 of 3rd period - Slapshot by Sam Lafferty.
8:11 of 3rd period - Stopped by Domenic DiVincentiis with a rebound.
8:13 of 3rd period - Snap shot by Fraser Minten.
8:13 of 3rd period - Shot Misses the Net.
8:15 of 3rd period - Snap shot by Fraser Minten.
8:15 of 3rd period - Shot Blocked by Isaak Phillips.
8:17 of 3rd period - Slapshot by Artem Duda.
8:17 of 3rd period - Shot Blocked by Ty Nelson.
8:19 of 3rd period - Wrist shot by Sam Lafferty.
8:19 of 3rd period - Shot Misses the Net.
8:21 of 3rd period - Slapshot by Ethan Del Mastro.
8:21 of 3rd period - Stopped by Domenic DiVincentiis with a rebound.
8:23 of 3rd period - Snap shot by Sam Lafferty.
8:23 of 3rd period - Stopped by Domenic DiVincentiis with a rebound.
8:25 of 3rd period - Slapshot by Fraser Minten.
8:25 of 3rd period - Shot Misses the Net.
8:27 of 3rd period - Wrist shot by Sam Lafferty.
8:27 of 3rd period - Stopped by Domenic DiVincentiis with a rebound.
8:33 of 3rd period - Snap shot by Fraser Minten.
8:33 of 3rd period - Shot Misses the Net.
8:35 of 3rd period - Slapshot by Fraser Minten.
8:35 of 3rd period - Shot Misses the Net.
8:37 of 3rd period - Slapshot by Artem Duda.
8:37 of 3rd period - Shot Blocked by Martin Pospisil.
8:39 of 3rd period - Slapshot by Fraser Minten.
8:39 of 3rd period - Deflect By Sam Lafferty.
8:39 of 3rd period - Shot Blocked by Ty Nelson.
8:39 of 3rd period - Puck is out of play.
8:40 of 3rd period - Kirby Dach wins face-off versus Jesper Boqvist in Orlando Solar Bears zone.
9:14 of 3rd period - Off-side.
9:15 of 3rd period - Kevin Rooney wins face-off versus Marat Khusnutdinov in neutral zone.
9:40 of 3rd period - Wrist shot by Adam Gaudette.
9:40 of 3rd period - Shot Misses the Net.
9:58 of 3rd period - Minor Penalty to Jesper Boqvist for Tripping.
9:59 of 3rd period - Kirby Dach wins face-off versus Martin Pospisil in Orlando Solar Bears zone.
10:30 of 3rd period - Slapshot by Ethan Del Mastro.
10:30 of 3rd period - Stopped by Domenic DiVincentiis with a rebound.
10:32 of 3rd period - Slapshot by Ethan Del Mastro.
10:32 of 3rd period - Deflect By Adam Gaudette.
10:32 of 3rd period - Shot Misses the Net.
10:32 of 3rd period - Puck is out of play.
10:33 of 3rd period - Kevin Rooney wins face-off versus Justin Danforth in Orlando Solar Bears zone.
11:58 of 3rd period - Penalty to Jesper Boqvist is over, Jesper Boqvist is back on ice.
12:02 of 3rd period - Wrist shot by Jesper Boqvist.
12:02 of 3rd period - Stopped by Devon Levi with a rebound.
12:06 of 3rd period - Wrist shot by Jesper Boqvist.
12:06 of 3rd period - Shot Blocked by Brandt Clarke.
12:08 of 3rd period - Wrist shot by Martin Pospisil.
12:08 of 3rd period - Stopped by Devon Levi with a rebound.
12:10 of 3rd period - Wrist shot by Jesper Boqvist.
12:10 of 3rd period - Shot Blocked by Fraser Minten.
12:22 of 3rd period - Slapshot by Jesper Boqvist.
12:22 of 3rd period - Shot Misses the Net.
12:24 of 3rd period - Wrist shot by Martin Pospisil.
12:24 of 3rd period - Stopped by Devon Levi without a rebound.
12:25 of 3rd period - Bradly Nadeau wins face-off versus Rodrigo Abols in Quebec Remparts zone.
12:25 of 3rd period - Bradly Nadeau is hit by Rodrigo Abols.
13:13 of 3rd period - Paul Cotter is hit by Ty Nelson and loses puck.
14:04 of 3rd period - Wrist shot by Alex Turcotte.
14:04 of 3rd period - Stopped by Devon Levi with a rebound.
14:12 of 3rd period - Minor Penalty to Ethan Del Mastro for Interference.
14:13 of 3rd period - Victor Olofsson wins face-off versus Jesper Boqvist in Quebec Remparts zone.
14:13 of 3rd period - Victor Olofsson is hit by Henry Thrun.
16:12 of 3rd period - Penalty to Ethan Del Mastro is over, Ethan Del Mastro is back on ice.
16:22 of 3rd period - Snap shot by Marat Khusnutdinov.
16:22 of 3rd period - Stopped by Devon Levi with a rebound.
16:36 of 3rd period - Snap shot by Sam Lafferty.
16:36 of 3rd period - Shot Misses the Net.
16:38 of 3rd period - Slapshot by Sam Lafferty.
16:38 of 3rd period - Shot Misses the Net.
16:40 of 3rd period - Backhand shot by Marc Staal.
16:40 of 3rd period - Shot Blocked by Adam Beckman.
16:50 of 3rd period - Wrist shot by Dalibor Dvorsky.
16:50 of 3rd period - Stopped by Domenic DiVincentiis without a rebound.
16:51 of 3rd period - Jesper Boqvist wins face-off versus Maros Jedlicka in Orlando Solar Bears zone.
17:04 of 3rd period - Snap shot by Bradly Nadeau.
17:04 of 3rd period - Stopped by Domenic DiVincentiis with a rebound.
18:06 of 3rd period - Calvin de Haan is hit by Jesper Boqvist and loses puck.
18:17 of 3rd period - Snap shot by Paul Cotter.
18:17 of 3rd period - Deflect By Fraser Minten.
18:17 of 3rd period - Goal by Fraser Minten - Quebec Remparts : 7 - Orlando Solar Bears : 5.
18:18 of 3rd period - Marat Khusnutdinov wins face-off versus Sam Lafferty in neutral zone.
18:28 of 3rd period - Wrist shot by Nikita Grebenkin.
18:28 of 3rd period - Deflect By Adam Beckman.
18:28 of 3rd period - Shot Blocked by Calvin de Haan.
18:28 of 3rd period - Puck is out of play.
18:29 of 3rd period - Sam Lafferty wins face-off versus Marat Khusnutdinov in Quebec Remparts zone.
19:04 of 3rd period - Wrist shot by Jordan Dumais.
19:04 of 3rd period - Stopped by Domenic DiVincentiis with a rebound.
19:54 of 3rd period - Off-side.
19:55 of 3rd period - Sam Lafferty wins face-off versus Amadeus Lombardi in neutral zone.
Goals for this period are 2 for Quebec Remparts vs 5 for Orlando Solar Bears.
Shots for this period are 19 for Quebec Remparts vs 13 for Orlando Solar Bears.
Back to the Top